 Dungeon Crawl Stone Soup version 0.32-a0-918-g0f22ef8d61 (webtiles) character file.

Game seed: 16999414743542788146

931 smashvw the Chopper (level 7, -2/64 HPs)
             Began as a Mountain Dwarf Berserker on Apr 11, 2024.
             Was a Believer of Trog.
             Slain by a water moccasin (6 damage)
             ... on level 5 of the Dungeon.
             The game lasted 00:08:14 (3430 turns).

smashvw the Chopper (Mountain Dwarf Berserker)      Turns: 3430, Time: 00:08:14

Health: -2/64      AC:  7    Str: 21    XL:     7   Next: 86%
Magic:  7/7        EV:  9    Int:  8    God:    Trog [**....]
Gold:   285        SH:  0    Dex:  9    Spells: 6/6 levels left

rFire   . . .        o - +0 war axe
rCold   . . .        (no shield)
rNeg    . . .        w - +0 scale mail
rPois   .            (no helmet)
rElec   .            r - scarf {shadows}
rCorr   .            (no gloves)
SInv    +            (no boots)
Will    ++...        t - amulet of regeneration
Stlth   x              - ring of see invisible
HPRegen 2.10/turn    (no ring)
MPRegen 0.10/turn

%: no passive effects
@: lethally poisoned (-2 -> -3), strong-willed, regenerating
A: runic magic, artefact enchanting
a: Renounce Religion, Berserk, Trog's Hand


You were on level 5 of the Dungeon.
You worshipped Trog.
Trog was pleased with you.
You visited 1 branch of the dungeon, and saw 5 of its levels.

You collected 285 gold pieces.

Inventory:

Hand Weapons
 o - a +0 war axe (weapon)
Missiles
 l - 2 throwing nets (quivered)
Armour
 r - a scarf of shadows (worn)
 w - a +0 scale mail (worn)
Jewellery
 t - an amulet of regeneration (around neck)
 x - a ring of see invisible (left hand)
Wands
 s - a wand of flame (22)
Scrolls
 a - a scroll of vulnerability {unknown}
 c - a scroll of fear {unknown}
 e - 5 scrolls of identify {unknown}
 g - a scroll of teleportation {unknown}
 h - 4 scrolls of immolation {unknown}
 j - a scroll of revelation {unknown}
 k - a scroll of enchant armour {unknown}
 m - a scroll of brand weapon {unknown}
 n - a scroll of amnesia {unknown}
 q - a scroll of enchant weapon {unknown}
Potions
 b - a potion of haste {unknown}
 d - a potion of curing {unknown}
 f - 2 potions of degeneration {unknown}
 i - 2 potions of cancellation
 p - a potion of brilliance {unknown}
 u - a potion of berserk rage {unknown}
 v - a potion of resistance {unknown}


   Skills:
 + Level 6.6 Fighting
 + Level 7.2 Axes
 + Level 6.0 Armour
 - Level 1.3 Dodging


You had 6 spell levels left.
You didn't know any spells.
Your spell library was empty.

Dungeon Overview and Level Annotations

Branches:
Dungeon (5/15)
 Temple: D:4-7

Altars:
Dithmenos
Nemelex Xobeh
Okawaru

Shops:
D:1 !   D:3 *   D:4 [


Innate Abilities, Weirdness & Mutations

Your spellcasting is much less encumbered by armour.
You can use scrolls of enchantment on lesser artefacts.


Message History

Okay, then.
Unknown command.
Your skin crawls.
You feel strong-willed.
You feel very sick. The water moccasin bites you.
* * * LOW HITPOINT WARNING * * *
You closely miss the water moccasin.
The water moccasin is almost dead.
You feel sick. The water moccasin barely misses you.
The water moccasin bites you but does no damage.
You closely miss the water moccasin.
The water moccasin is almost dead.
You feel sick. The water moccasin barely misses you.
You closely miss the water moccasin.
The water moccasin is almost dead.
You feel sick. The water moccasin closely misses you.
The water moccasin bites you but does no damage.
You closely miss the water moccasin.
The water moccasin is almost dead.
You feel sick. The water moccasin barely misses you.
You closely miss the water moccasin.
The water moccasin is almost dead.
You feel sick. The water moccasin bites you.
* * * LOW HITPOINT WARNING * * *
You are more poisoned.
The water moccasin poisons you! The water moccasin bites you.
* * * LOW HITPOINT WARNING * * *
You barely miss the water moccasin.
The water moccasin is almost dead.
You feel very sick.
The water moccasin barely misses you. x2
You barely miss the water moccasin.
The water moccasin is almost dead.
You feel very sick.
The water moccasin bites you but does no damage.
It was a potion of cancellation.
You feel magically purged.
You feel very sick. The water moccasin bites you.
You die...

#.......≈≈≈.ß)#
#.......≈g≈...#
#..##.##########
#..##.# #.##.### #..
#.# #...... #..
#.#####..#.#.# #..
#.............
#.##..########..#.#.
#....S@.............#
####.#.........##.###
#...........$..#
###########.....
#######


You could see a water moccasin.

Vanquished Creatures
  Sigmund (D:4)
  An ogre (D:5)
  5 wights (D:4)
  2 bombardier beetles (D:4)
  5 hounds (D:4)
  2 iguanas (D:4)
  2 orc wizards
  An adder (D:5)
  An ufetubus (D:5)
  4 dart slugs
  4 ribbon worms
  14 orcs
  10 ball pythons
  7 endoplasms
  5 giant cockroaches
  A hobgoblin (D:3)
  2 jackals (D:4)
  4 kobolds
  5 quokkas
  3 bats (D:1)
  5 rats
84 creatures vanquished.

Vanquished Creatures (others)
  An orc wizard (D:4)
1 creature vanquished.

Grand Total: 85 creatures vanquished

Notes
Turn   | Place    | Note
-------+----------+-------------------------------------------
     0 | D:1      | smashvw the Mountain Dwarf Berserker began the quest for
                  | the Orb.
     0 | D:1      | Reached XP level 1. HP: 19/19 MP: 1/1
   355 | D:1      | Reached XP level 2. HP: 26/26 MP: 2/2
   559 | D:1      | Reached skill level 4 in Axes
   694 | D:1      | Found Piocumur's Distillery.
  1040 | D:2      | Reached XP level 3. HP: 33/33 MP: 3/3
  1448 | D:3      | Found Ovumillo's Assorted Antiques.
  1605 | D:3      | Found a shadowy altar of Dithmenos.
  1704 | D:3      | Reached ** piety under Trog
  2378 | D:4      | Reached XP level 4. HP: 25/40 MP: 4/4
  2660 | D:4      | Found Gewnaoq's Armour Emporium.
  2668 | D:4      | Reached XP level 5. HP: 39/47 MP: 5/5
  2673 | D:4      | Reached skill level 5 in Axes
  2728 | D:4      | Reached skill level 5 in Fighting
  2732 | D:4      | Reached XP level 6. HP: 27/56 MP: 6/6
  2809 | D:4      | Reached skill level 6 in Axes
  2832 | D:4      | Reached skill level 5 in Armour
  2834 | D:4      | Reached XP level 7. HP: 62/62 MP: 7/7
  3113 | D:4      | Noticed Sigmund
  3121 | D:4      | Killed Sigmund
  3274 | D:5      | Entered Level 5 of the Dungeon
  3322 | D:5      | Reached skill level 7 in Axes
  3336 | D:5      | Found a sparkling altar of Nemelex Xobeh.
  3392 | D:5      | Found an iron altar of Okawaru.
  3430 | D:5      | Slain by a water moccasin

Illustrated notes

Levels and vault maps discovered:
D:1:      evilmike_arrival_hilbert_curve, layout_loops_ring, serial_shops, shop,
          chequers_garden, amcnicky_mini_rare_corridor_liquid
D:2:      layout_rooms
D:3:      layout_basic, grunt_dithmenos_smoke_and_mirrors, serial_shops, shop
D:4:      layout_loops_ring, serial_shops, shop, uniq_sigmund
D:5:      layout_loops_ring, kennysheep_okawaru_gauntlet,
          nemelex_dance_club_becter, cheibrodos_sewer_entry_drain

Skill      XL: |  1  2  3  4  5  6  7 |
---------------+----------------------+-----
Axes           | 4 5 6 7 |  7.2
Fighting       | 4 5 6 |  6.6
Armour         | 3 4 5 6 |  6.0
Dodging        | |  1.3

Action                     |  1- 3 |  4- 6 |  7- 9 || total
---------------------------+-------+-------+-------++-------
  Melee: Hand axe          |    83 |       |       ||    83
         War axe           |    48 |    61 |    74 ||   183
 Invoke: Berserk           |       |     2 |     1 ||     3
         Trog's Hand       |       |     1 |     1 ||     2
    Use: Potion            |       |       |     1 ||     1
 Armour: Animal skin       |    26 |       |       ||    26
         Ring mail         |    80 |    43 |       ||   123
         Scale mail        |       |    19 |    89 ||   108
  Dodge: Dodged            |    67 |    30 |    56 ||   153

Table legend: (Time is in decaauts)
 A = Elapsed time spent in this place.
 B = Non-inter-level travel time spent in this place.
 C = Inter-level travel time spent in this place.
 D = Time resting spent in this place.
 E = Time spent auto-exploring this place.
 F = Levels seen in this place.
 G = Mean time per level.
                   A        B        C        D        E       F      G
               +--------+--------+--------+--------+--------+-----+--------+
         Total |   3497 |   3333 |    164 |    101 |   2516 |   5 |  699.4 |
       Dungeon |   3497 |   3333 |    164 |    101 |   2516 |   5 |  699.4 |
               +--------+--------+--------+--------+--------+-----+--------+

Top non-repeatable levels by time:
     D:1: 1029 daAuts
     D:4: 975 daAuts
     D:3: 925 daAuts
     D:2: 407 daAuts
     D:5: 160 daAuts
